 Dungeon Crawl Stone Soup version 0.28.0-43-g3370ac3207 (webtiles) character file.

Game seed: 1467789135476915163

4937 experimilk the Slicer (level 10, 0/79 HPs)
             Began as a Palentonga Abyssal Knight on Mar 18, 2022.
             Was a Priest of Lugonu.
             Slain by a tengu conjurer
             ... wielding a +4 bardiche of freezing
              (1 damage)
             ... on level 8 of the Dungeon.
             The game lasted 00:34:00 (10374 turns).

experimilk the Slicer (Palentonga Abyssal Knight)  Turns: 10374, Time: 00:34:01

Health: 0/79       AC: 17    Str: 27    XL:     10   Next: 28%
Magic:  9/15       EV:  5    Int: 13    God:    Lugonu [***...]
Gold:   393        SH:  0    Dex: 15    Spells: 7/9 levels left

rFire   . . .      SeeInvis +   k - +11 dagger of Tomorrow {freeze, Will+ Int+3 Dex+4}
rCold   . . .      Faith    .   (no shield)
rNeg    . . .      Spirit   .   y - +1 plate armour
rPois   .          Reflect  .   (no helmet)
rElec   .          Harm     .   (no cloak)
rCorr   .          Rampage  .   (no gloves)
Will    +....                   (no barding)
Stlth   ..........              (no amulet)
HPRegen 0.23/turn               g - +6 ring of strength
MPRegen 0.14/turn               (no ring)

@: curled up
A: large, rugged brown scales 3, see invisible, deformed body, roll 1, armoured
tail, reflexive curl
a: Rolling Charge, Renounce Religion, Depart the Abyss, Bend Space, Banish


You were on level 8 of the Dungeon.
You worshipped Lugonu.
Lugonu was most pleased with you.
You visited 1 branch of the dungeon, and saw 8 of its levels.
You visited the Abyss 1 time.

You collected 393 gold pieces.

Inventory:

Hand Weapons
 k - the +11 dagger of Tomorrow (weapon) {freeze, Will+ Int+3 Dex+4}
   (You found it on level 2 of the Dungeon)

   It freezes those it strikes, dealing additional cold damage.
   It can also slow down cold-blooded creatures.
   Int:       It affects your intelligence (+3).
   Dex:       It affects your dexterity (+4).
   Will:      It increases your willpower.
Armour
 b - a +0 leather armour
 y - a +1 plate armour (worn)
Jewellery
 a - an amulet of reflection
 g - a +6 ring of strength (left hand)
 j - a ring of magical power
 t - a ring of ice
Wands
 q - a wand of iceblast (13)
Scrolls
 c - a scroll of fear
Potions
 e - 2 potions of magic
 f - 2 potions of attraction
 i - a potion of might {unknown}
 m - 2 potions of curing
 n - a potion of cancellation {unknown}
 p - a potion of lignification {unknown}
 u - a potion of berserk rage
 v - 2 potions of haste
 w - a potion of invisibility {unknown}
 z - a potion of brilliance {unknown}


   Skills:
 - Level 5.0 Fighting
 * Level 11.3 Short Blades
 - Level 4.7 Maces & Flails
 + Level 4.3 Armour
 - Level 0.7 Dodging
 + Level 7.3 Invocations


You had 7 spell levels left.
You knew the following spells:

 Your Spells              Type           Power      Damage    Failure   Level
a - Blink                 Tloc           0%         N/A       99%         2

Your spell library contained the following spells:

 Spells                   Type           Power      Damage    Failure   Level
 Ensorcelled Hibernation  Hex/Ice        0%         N/A       99%         2
 Sublimation of Blood     Necr           0%         N/A       99%         2
 Lesser Beckoning         Tloc           0%         N/A       100%        3
 Spider Form              Tmut/Pois      0%         N/A       100%        3
 Anguish                  Hex/Necr       0%         N/A       100%        4
 Petrify                  Tmut/Erth      0%         N/A       100%        4
 Irradiate                Conj/Tmut      0%         3d13      100%        5
 Manifold Assault         Tloc           0%         N/A       100%        5


Dungeon Overview and Level Annotations

Branches:
Dungeon (8/15)             Temple (0/1) D:7
   Lair: D:8-11

Altars:

Annotations:
D:7 corrupted
Abyss:1 Edmund, Harold, Maurice


Innate Abilities, Weirdness & Mutations

You are completely covered in rugged brown scales. (AC +3, +7% HP)
You have supernaturally acute eyesight. (SInv)
Armour fits poorly on your strangely shaped body.
You can roll at nearby foes to attack.
You have a long armoured tail.
You curl defensively after being hit. (AC +7*)


Message History

Aiming: Iceblast
Press: ? - help, Q - select action, (/) - cycle Shift-Dir - straight line, f - wight
Aim: a wight, wielding a +1 dire flail and wearing a +0 robe The mass of ice explodes!
The iceblast engulfs the wight.
The wight partially resists.
The wight is moderately damaged.
The iceblast engulfs the water moccasin!
The water moccasin is heavily wounded.
Press: ? - help, Shift-Dir - straight line, f/p - wight
Aim: a wight, wielding a +1 dire flail and wearing a +0 robe (moderately damaged, chance to affect: 84%)
The wight is devoured by a tear in reality.
Lugonu claims a new guest.
The water moccasin barely misses you.
You closely miss the water moccasin.
Your tail-slap misses the water moccasin.
You punch the water moccasin.
The water moccasin is heavily wounded.
The water moccasin bites you but does no damage.
You closely miss the water moccasin.
The water moccasin is heavily wounded.
The water moccasin bites you but does no damage.
You closely miss the water moccasin.
The water moccasin is heavily wounded.
The tengu conjurer hits you from afar with a +4 bardiche of freezing.
* * * LOW HITPOINT WARNING * * *
The tengu conjurer freezes you.
* * * LOW HITPOINT WARNING * * *
You puncture the water moccasin!
The water moccasin seems to slow down.
You freeze the water moccasin.
The water moccasin is severely wounded.
The water moccasin barely misses you.
You hit the water moccasin.
The water moccasin seems to slow down.
You freeze the water moccasin.
The water moccasin is almost dead.
The centaur zombie barely misses you.
The centaur zombie kicks you but does no damage.
The tengu conjurer hits you from afar with a +4 bardiche of freezing!
* * * LOW HITPOINT WARNING * * *
The tengu conjurer freezes you.
You die...

#.##...........
##. #...........
##..##.n.........
.#................
..................
..........*.......
..[.....Z.Q#####..
........ZS.......
........@######..
.........#
........##
.#.(...## ######


You could see a tengu conjurer, a water moccasin (slow), a battlesphere and 2
centaur zombies.

Vanquished Creatures
  A two-headed ogre (D:8)
  Pikel (D:8)
  A troll (D:8)
  A redback (shapeshifter) (D:8)
  2 orc warriors
  A hornet zombie (D:8)
  An ice beast (D:6)
  A black bear (D:5)
  A necrophage (D:7)
  A sky beast (D:8)
  2 ogres
  2 centaurs
  2 phantoms
  Blork the orc (D:4)
  A scorpion (D:5)
  5 wights (D:8)
  A centaur zombie (D:4)
  3 hounds
  A centaur skeleton (D:5)
  5 orc priests
  3 jellies (D:3)
  A bullfrog skeleton (D:5)
  Jessica (D:2)
  A scorpion zombie (D:5)
  Terence (D:2)
  2 iguanas
  4 orc wizards
  7 gnolls
  A howler monkey skeleton (D:7)
  8 adders
  A shadow imp (D:5)
  2 white imps
  An ufetubus (D:4)
  2 worms
  A dart slug (D:2)
  27 orcs
  15 endoplasms
  4 giant cockroaches
  6 goblins
  8 hobgoblins
  6 jackals
  4 quokkas
  5 ball pythons
  10 bats
  3 frilled lizards
  17 kobolds
  6 rats
181 creatures vanquished.

Vanquished Creatures (others)
  Duvessa (D:7)
  Dowan (D:7)
  3 wights (D:7)
  A jelly (D:7)
  A killer bee zombie (D:7)
  An orc (D:7)
  4 fungi (D:3)
  2 starspawn tentacles (Abyss:2)
  8 toadstools (D:3)
22 creatures vanquished.

Grand Total: 203 creatures vanquished

Notes
Turn   | Place    | Note
-------+----------+-------------------------------------------
     0 | Abyss:1  | experimilk the Palentonga Abyssal Knight began the quest
                  | for the Orb.
     0 | Abyss:1  | Reached XP level 1. HP: 19/19 MP: 2/2
    32 | Abyss:2  | Noticed a spatial vortex
    46 | Abyss:2  | Found a blossoming altar of Fedhas.
    48 | Abyss:2  | Noticed a tentacled starspawn
    53 | Abyss:2  | Noticed a large abomination
    55 | D:1      | Escaped the Abyss
   508 | D:1      | Reached * piety under Lugonu
   594 | D:1      | Reached XP level 2. HP: 22/25 MP: 3/3
   893 | D:1      | Reached XP level 3. HP: 24/31 MP: 4/4
  1405 | D:2      | Reached ** piety under Lugonu
  1894 | D:2      | Noticed Jessica
  1896 | D:2      | Identified the +11 dagger of Tomorrow {freeze, Will+ Int+3
                  | Dex+4}
  1898 | D:2      | Killed Jessica
  1899 | D:2      | Reached XP level 4. HP: 32/37 MP: 5/5
  2013 | D:2      | Reached skill level 1 in Short Blades
  2225 | D:2      | Reached XP level 5. HP: 29/43 MP: 6/6
  2481 | D:2      | Reached skill level 2 in Short Blades
  2514 | D:2      | Noticed Terence
  2518 | D:2      | Killed Terence
  3154 | D:3      | Reached skill level 3 in Short Blades
  3454 | D:3      | Reached XP level 6. HP: 41/50 MP: 7/7
  3462 | D:3      | Reached skill level 4 in Short Blades
  3463 | D:3      | Reached *** piety under Lugonu
  3738 | D:3      | HP: 1/50 [gnoll/+0 spear (5)]
  4005 | D:4      | Noticed Blork the orc
  4048 | D:3      | Reached skill level 5 in Short Blades
  4377 | D:4      | Noticed Edmund
  4386 | D:3      | Banished Edmund
  4387 | D:3      | Gained mutation: You curl defensively after being hit. (AC
                  | +7*) [Palentonga growth]
  4387 | D:3      | Reached XP level 7. HP: 37/55 MP: 3/9
  4652 | D:4      | Killed Blork the orc
  4653 | D:4      | Reached skill level 6 in Short Blades
  4963 | D:4      | You fall into a shaft and drop 2 floors!
  5248 | D:5      | Entered Level 5 of the Dungeon
  5406 | D:4      | Identified the +1 robe of Autumn {rElec rF+ rN+++ Int-4}
  5551 | D:4      | Learned a level 2 spell: Blink
  5708 | D:4      | Identified the +7 spear of the Incandescent {venom, rPois
                  | rF+}
  6017 | D:5      | Reached skill level 7 in Short Blades
  6233 | D:5      | Reached XP level 8. HP: 60/62 MP: 9/11
  6257 | D:5      | Reached **** piety under Lugonu
  6258 | D:5      | Reached skill level 8 in Short Blades
  6258 | D:5      | Reached skill level 5 in Invocations
  7567 | D:6      | Reached skill level 9 in Short Blades
  7776 | D:7      | Noticed Harold
  7789 | D:7      | Banished Harold
  7790 | D:7      | Reached XP level 9. HP: 40/69 MP: 6/13
  7963 | D:7      | Corrupted D:7
  7963 | D:7      | Noticed an orange demon
  7963 | D:7      | Noticed a freezing wraith
  7963 | D:7      | Noticed a large abomination
  7963 | D:7      | Noticed a large abomination
  7963 | D:7      | Noticed a thrashing horror
  7963 | D:7      | Noticed a large abomination
  7963 | D:7      | Noticed a purple draconian shifter
  7967 | D:7      | Noticed a hellwing
  7976 | D:7      | Noticed a smoke demon
  7979 | D:7      | Killed Duvessa
  7996 | D:7      | Killed Dowan
  8306 | D:7      | Found a staircase to the Ecumenical Temple.
  8908 | D:8      | Noticed Pikel
  8958 | D:8      | Noticed Maurice
  8959 | D:8      | Banished Maurice
  8960 | D:8      | Reached skill level 10 in Short Blades
  9015 | D:8      | Noticed a two-headed ogre
  9020 | D:8      | Killed a two-headed ogre
  9021 | D:8      | Reached skill level 5 in Fighting
  9132 | D:8      | Noticed an eye of devastation
  9160 | D:8      | Reached XP level 10. HP: 29/77 MP: 15/15
  9508 | D:8      | Reached skill level 11 in Short Blades
 10134 | D:8      | Killed Pikel
 10344 | D:8      | Noticed a boulder beetle
 10374 | D:8      | HP: 1/79 [tengu conjurer/+4 bardiche of freezing (8)]
 10374 | D:8      | Slain by a tengu conjurer

Illustrated notes

Levels and vault maps discovered:
D:1:      wander_arrival_peaceful_grave, layout_basic, supply_closet_lemuel
D:2:      layout_basic, uniq_jessica, uniq_terence
D:3:      cheibrodos_fertilizer, layout_rooms, dk_noncrumbling_2, st_stairs_4
D:4:      layout_basic, uniq_blork_the_orc, uniq_edmund
D:5:      layout_gridville, grunt_ministairs_13
D:6:      layout_rooms
D:7:      layout_loops_ring, minmay_temple_entry_trees, minmay_curled_crystal,
          uniq_harold, uniq_duvessa
D:8:      minmay_the_grid_four_pointed_star
          [minmay_the_grid_triangle_9x9_tough_junction,
          minmay_the_grid_triangle_9x9_swiss_cheese,
          minmay_the_grid_triangle_9x9_thin_v,
          minmay_the_grid_triangle_9x9_empty, minmay_the_grid_prize_trominoes],
          layout_rooms, corexii_leaking_fountain, uniq_pikel, uniq_maurice

Skill      XL: |  1  2  3  4  5  6  7  8  9 10 |
---------------+-------------------------------+-----
Maces & Flails | 3 4 |  4.7
Short Blades   | 1 3 5 7 9 10 11 | 11.3
Invocations    | 4 5 6 7 |  7.3
Fighting       | 4 5 |  5.0
Armour         | 2 3 4 |  4.3
Dodging        | |  0.7

Action                   |  1- 3 |  4- 6 |  7- 9 | 10-12 || total
-------------------------+-------+-------+-------+-------++-------
Melee: Mace              |   104 |     2 |       |       ||   106
       Tailslap          |    10 |    12 |    18 |    12 ||    52
       Punch             |     1 |     2 |     3 |     1 ||     7
       Dagger            |       |   108 |   151 |    51 ||   310
Invok: Depart the Abyss  |     1 |       |       |       ||     1
       Bend Space        |       |     2 |    11 |     6 ||    19
       Banish            |       |     1 |     2 |     1 ||     4
       Corrupt           |       |       |     1 |       ||     1
 Abil: Rolling Charge    |    17 |    19 |    50 |    14 ||   100
Evoke: Wand              |       |       |       |     1 ||     1
  Use: Scroll            |     1 |     4 |    12 |     3 ||    20
       Potion            |       |     1 |     2 |     1 ||     4
Armor: Leather armour    |    59 |    26 |     7 |       ||    92
       Plate armour      |       |       |    30 |    19 ||    49
Dodge: Dodged            |    38 |    46 |    33 |     8 ||   125
